 Dungeon Crawl Stone Soup version 0.25-a0-1073-gf4359a17dd (webtiles) character file.

Game seed: 5987006234402534682, levelgen mode: deterministic

874 Esekla the Magician (level 8, -4/50 HPs)
             Began as an Octopode Wizard on May 14, 2020.
             Was a Priest of Elyvilon.
             Slain by an ice beast (14 damage)
             ... on level 5 of the Dungeon.
             The game lasted 00:42:23 (5627 turns).

Esekla the Magician (Octopode Wizard)               Turns: 5627, Time: 00:42:24

Health: -4/50      AC:  1    Str:  7    XL:     8   Next: 4%
Magic:  12/15      EV: 14    Int: 20    God:    Elyvilon [***...]
Gold:   90         SH:  0    Dex: 12    Spells: 8/17 levels left

rFire    . . .     SeeInvis .   v - +0 long sword
rCold    . . .     Gourm    .   (no shield)
rNeg     . . .     Faith    .   a - +0 hat
rPois    .         Spirit   .   (no amulet)
rElec    .         Reflect  .   (no ring)
rCorr    .         Harm     .   (no ring)
MR       .....                  (no ring)
Stlth    +++.......             (no ring)
HPRegen  0.16/turn              (no ring)
MPRegen  0.14/turn              (no ring)
                                (no ring)
                                (no ring)

@: lethally poisoned (-4 -> -6)
A: almost no armour, stealthy swim, amphibious, 8 rings, constrict 8, camouflage
1, gelatinous body 1
a: Lesser Healing, Heal Other, Purification, Divine Protection, Renounce
Religion


You were on level 5 of the Dungeon.
You worshipped Elyvilon.
Elyvilon was most pleased with you.
You were not hungry.

You visited 1 branch of the dungeon, and saw 7 of its levels.
You also visited: Ossuary.

You collected 90 gold pieces.

Inventory:

Hand Weapons
 j - a +2 vampiric dagger
 v - a +0 long sword (weapon)
Missiles
 e - 5 boomerangs (quivered)
 f - 11 poisoned darts
 r - 5 silver boomerangs
Armour
 a - a +0 hat (worn)
Wands
 s - a wand of iceblast (10)
 y - a wand of disintegration (9)
Scrolls
 d - 2 scrolls of magic mapping
 l - a scroll of immolation {unknown}
 n - a scroll of fog {unknown}
 t - 5 scrolls of remove curse
 u - 2 scrolls of fear {unknown}
 w - 3 scrolls of teleportation {unknown}
 C - a scroll of noise {unknown}
Potions
 b - 7 potions of heal wounds
 g - 2 potions of flight
 h - a potion of stabbing {unknown}
 i - 2 potions of magic {unknown}
 m - a potion of invisibility {unknown}
 o - 4 potions of brilliance
 p - 2 potions of berserk rage {unknown}
 q - a potion of haste
 x - a potion of degeneration {unknown}
 z - a potion of mutation {unknown}
 A - 2 potions of lignification {unknown}
Comestibles
 c - 3 rations
 B - 4 chunks of flesh


   Skills:
 * Level 2.1 Fighting
 + Level 2.8 Long Blades
 + Level 0.1 Throwing
 * Level 4.0 Dodging
 - Level 2.6 Stealth
 * Level 5.1 Spellcasting
 + Level 2.9 Conjurations
   Level 1.0 Summonings
 * Level 2.6 Translocations
 * Level 2.0 Air Magic
 * Level 2.2 Poison Magic
 + Level 0.6 Invocations


You had 8 spell levels left.
You knew the following spells:

 Your Spells              Type           Power        Failure   Level  Hunger
a - Magic Dart            Conj           ###.         3%          1    None
b - Blink                 Tloc           N/A          6%          2    None
c - Mephitic Cloud        Conj/Pois/Air  ##......     13%         3    ##.....
f - Conjure Flame         Conj/Fire      ##......     19%         3    ##.....

Your spell library contained the following spells:

 Spells                   Type           Power        Failure   Level  Hunger
 Call Imp                 Summ           #.......     12%         2    None
 Slow                     Hex            #.......     17%         2    None


Dungeon Overview and Level Annotations

Branches:
Dungeon (7/15)            Ossuary (visited)
 Temple: D:4-7

Altars:
Dithmenos
Elyvilon
Fedhas
Yredelemnul

Shops:
D:7 :

Annotations:
D:2 Sigmund


Innate Abilities, Weirdness & Mutations

You cannot wear most types of armour.
You are very stealthy in the water. (Stealth+)
You are amphibious.
You can wear up to eight rings at the same time.
You can use your tentacles to constrict eight enemies at once.
Your skin changes colour to match your surroundings (Stealth+).
Your rubbery body absorbs attacks. (AC +1, EV +1)


Message History

* * * LOW HITPOINT WARNING * * *
You are poisoned.
The worker ant poisons you!
Casting: Magic Dart (safe; 3% risk of failure)
Confirm with . or Enter, or press ? or * to list all spells.
Aiming: Magic Dart (safe; 3% risk of failure)
Press: ? - help, Shift-Dir - straight line, f/p - worker ant
Aim: a worker ant (severely wounded, constricted by you)
The magic dart hits the worker ant.
The worker ant is almost dead.
You constrict the worker ant.
You feel sick. The worker ant closely misses you.
You riposte.
You hit the worker ant.
You kill the worker ant!
You feel sick.
You feel sick.
You feel sick.
You are healed.
You feel somewhat more hungry. The ice beast hits you.
* * * LOW HITPOINT WARNING * * *
The ice beast freezes you!
You die...

###### .....#
#########
####.#
#....Y@.# .#
#.# #.#####.#
.# #.# #.# #.#
.# #.# #.# #.#
.# #.# #.# #.#
####.######.#
#.####
...........>##
#....#
.###....Y....#
####.# .#
#########.#
#.#


You could see an ice beast.

Vanquished Creatures
  A necrophage (D:7)
  A big kobold (D:7)
  A bullfrog (D:5)
  5 scorpions (Ossuary)
  A centaur zombie (D:4)
  A hound (D:7)
  3 human zombies (Ossuary)
  A jelly (D:5)
  2 worker ants (D:5)
  2 big kobold zombies (Ossuary)
  2 hound zombies
  3 mummies (Ossuary)
  2 adders (D:5)
  2 gnolls (D:5)
  2 adder skeletons
  A dart slug (D:2)
  2 leopard geckos
  11 orcs
  5 giant cockroaches
  3 goblins
  5 hobgoblins
  2 jackals (D:5)
  6 quokkas
  A ball python (D:5)
  2 bats
  3 frilled lizards
  2 gnoll zombies (Ossuary)
  3 goblin zombies (Ossuary)
  8 kobolds
  2 kobold zombies (Ossuary)
  An orc zombie (Ossuary)
  2 rats (D:2)
88 creatures vanquished.

Vanquished Creatures (others)
  2 scorpions (Ossuary)
  A goblin zombie (Ossuary)
3 creatures vanquished.

Grand Total: 91 creatures vanquished

Notes
Turn   | Place    | Note
-------+----------+-------------------------------------------
     0 | D:1      | Esekla the Octopode Wizard began the quest for the Orb.
     0 | D:1      | Reached XP level 1. HP: 11/11 MP: 4/4
   582 | D:2      | Reached XP level 2. HP: 6/17 MP: 1/6
   950 | D:2      | Learned a level 2 spell: Blink
  1042 | D:3      | Noticed a centaur
  1221 | D:2      | Found a faded altar of an unknown god.
  1286 | D:2      | Became a worshipper of Elyvilon the Healer
  1286 | D:2      | Reached * piety under Elyvilon
  1307 | D:2      | Reached XP level 3. HP: 20/22 MP: 8/8
  1312 | D:2      | Learned a level 3 spell: Mephitic Cloud
  1316 | D:2      | Learned a level 3 spell: Conjure Flame
  1342 | D:2      | Noticed Sigmund
  1358 | D:2      | HP: 1/22 [hobgoblin/+0 falchion (2)]
  1801 | D:5      | Entered Level 5 of the Dungeon
  1822 | D:5      | Found a basalt altar of Yredelemnul.
  1944 | D:5      | Noticed a bullfrog
  1953 | D:5      | Killed a bullfrog
  1953 | D:5      | Reached skill level 1 in Fighting
  1953 | D:5      | Reached XP level 4. HP: 8/28 MP: 3/9
  2037 | D:5      | Reached skill level 4 in Spellcasting
  2042 | D:5      | Reached XP level 5. HP: 33/33 MP: 7/11
  2093 | D:5      | Reached ** piety under Elyvilon
  2094 | D:5      | Noticed an ice beast
  2179 | D:4      | Found a blossoming altar of Fedhas.
  2180 | D:4      | Found a shadowy altar of Dithmenos.
  3086 | D:5      | Reached skill level 1 in Long Blades
  3237 | D:5      | Reached skill level 1 in Poison Magic
  3237 | D:5      | Reached XP level 6. HP: 13/38 MP: 6/12
  3478 | D:5      | Reached skill level 1 in Air Magic
  3535 | D:7      | Found Suvy's Book Shop.
  3568 | D:7      | Found a sand-covered staircase.
  3604 | Ossuary  | Entered an ossuary
  4241 | Ossuary  | Reached *** piety under Elyvilon
  4271 | Ossuary  | Reached XP level 7. HP: 22/43 MP: 0/13
  5410 | D:7      | Reached skill level 5 in Spellcasting
  5469 | D:7      | Found a blossoming altar of Fedhas.
  5532 | D:7      | Reached XP level 8. HP: 24/50 MP: 9/15
  5627 | D:5      | Slain by an ice beast

Illustrated notes

Levels and vault maps discovered:
D:1:      ebering_trefoil_3fold, layout_basic, serial_park_tiny_1
D:2:      layout_loops_corners, chequers_ecumenical_altar_island, uniq_sigmund
D:3:      layout_loops_ring
D:4:      layout_loops_cross, chequers_temple_overflow_statue_of_worship,
          first_ration
D:5:      layout_basic, yredelemnul_altar_generic, fountainhead,
          cheibriados_altar_1
D:6:      layout_rooms, minmay_temple_entry_proselytizer, serial_shops,
          nicolae_shop_crystal
D:7:      layout_basic, nicolae_ossuary_entry_ruins, serial_shops,
          nicolae_shop_statue_plus, fedhas_altar_1

Skill      XL: |  1  2  3  4  5  6  7 |
---------------+----------------------+-----
Fighting       | 1 2 |  2.1
Spellcasting   | 4 5 |  5.1
Dodging        | 3 4 |  4.0
Conjurations   | 2 |  2.9
Long Blades    | 1 2 |  2.8
Translocations | 2 |  2.6
Poison Magic   | 1 2 |  2.2
Air Magic      | 1 2 |  2.0
Throwing       | |  0.1
Stealth        | |  2.6
Summonings     | |  1.0
Invocations    | |  0.6

Action                   |  1- 3 |  4- 6 |  7- 9 || total
-------------------------+-------+-------+-------++-------
Melee: Unarmed           |     8 |       |       ||     8
       Constrict         |    16 |    21 |    12 ||    49
       Tentacles         |     9 |    11 |     8 ||    28
       Dagger            |    11 |       |       ||    11
       Short sword       |     7 |       |       ||     7
       Mace              |     1 |       |       ||     1
       Falchion          |    16 |     4 |       ||    20
       Long sword        |       |    60 |    46 ||   106
Throw: Boomerang         |       |       |     1 ||     1
 Cast: Magic Dart        |    39 |    73 |    79 ||   191
       Conjure Flame     |       |     3 |     1 ||     4
       Mephitic Cloud    |       |     1 |       ||     1
Invok: Lesser Healing    |     4 |     2 |     2 ||     8
  Use: Scroll            |       |     2 |     4 ||     6
       Potion            |       |       |     3 ||     3
 Stab: Sleeping          |     4 |     3 |       ||     7
       Distracted        |       |       |     1 ||     1
  Eat: Ration            |     1 |     1 |     1 ||     3
       Chunk             |       |     4 |     2 ||     6
Armor: Skin              |     4 |     6 |     2 ||    12
Dodge: Dodged            |    42 |    63 |    54 ||   159
       Rpst.: Falchion   |     7 |       |       ||     7
       Long sword        |       |    16 |    19 ||    35

Table legend:
 A = Non-vault XP
 B = Vault XP
 C = Vault XP percentage of total XP
 D = Non-vault monster count
 E = Vault monster count
 F = Vault count percentage of total count
                 A         B        C        D         E       F
            +---------+---------+-------+---------+---------+-------
      Total |     726 |     523 |  41.9 |      67 |      23 |  25.6
            +---------+---------+-------+---------+---------+-------
        D:1 |       3 |       0 |   0.0 |       1 |       0 |   0.0
        D:2 |      26 |       0 |   0.0 |      14 |       0 |   0.0
        D:3 |      22 |       0 |   0.0 |      11 |       0 |   0.0
        D:4 |      50 |       0 |   0.0 |       3 |       0 |   0.0
        D:5 |     307 |       0 |   0.0 |      22 |       0 |   0.0
        D:6 |      10 |       0 |   0.0 |       3 |       0 |   0.0
        D:7 |     308 |       0 |   0.0 |      13 |       0 |   0.0
    Ossuary |       0 |     523 | 100.0 |       0 |      23 | 100.0
            +---------+---------+-------+---------+---------+-------
